 Dungeon Crawl Stone Soup version 0.17-a0-1374-gc51869c (webtiles) character file.

39 tinkerttoy the Caller (level 3, -2/25 HPs)
             Began as a Demonspawn Summoner on June 14, 2015.
             Slain by tinkerttoy's ghost (6 damage)
             ... on level 3 of the Dungeon.
             The game lasted 00:07:04 (1821 turns).

tinkerttoy the Caller (Demonspawn Summoner)         Turns: 1821, Time: 00:07:04

Health: -2/25      AC:  3    Str:  8    XL:     3   Next: 26%
Magic:  1/6        EV: 12    Int: 17    God:
Gold:   109        SH:  0    Dex: 13    Spells: 3 memorised, 1 level left

rFire  . . .     SeeInvis +     l - +1 dagger
rCold  . . .     Clarity  .     a - +0 robe
rNeg   . . .     SustAt   .     (no shield)
rPois  .         Gourm    .     (no helmet)
rElec  .         Spirit   .     g - +0 cloak
rCorr  .         Warding  .     (no gloves)
rMut   .         Stasis   .     (no boots)
MR     .....                    (no amulet)
Stlth  ++........               (no ring)
                                d - ring of see invisible

@: not resistant to hostile enchantments, unstealthy
A: claws 1, powered by pain 1
a: no special abilities


You were on level 3 of the Dungeon.
You were very hungry.

You visited 1 branch of the dungeon, and saw 3 of its levels.

You collected 109 gold pieces.

Inventory:

Hand weapons
 l - a +1 dagger (weapon)
Armour
 a - a +0 robe (worn)
 g - a +0 cloak (worn)
Jewellery
 d - a ring of see invisible (left claw)
Scrolls
 h - a scroll of amnesia {unknown}
 n - a scroll of recharging {unknown}
Potions
 e - 2 potions of ambrosia
 k - 3 potions of curing
 m - a potion of degeneration {unknown}
Books
 b - a book of Callings

   Spells                             Type                      Level
   a - Summon Small Mammal            Summoning                    1
   b - Call Imp                       Summoning                    2
   c - Call Canine Familiar           Summoning                    3
   d - Summon Guardian Golem          Hexes/Summoning              3
   e - Summon Lightning Spire         Summoning/Air                4
   f - Summon Ice Beast               Ice/Summoning                4
Comestibles
 c - a bread ration
 f - 2 fruits
 j - 2 slices of pizza


   Skills:
 + Level 0.4 Fighting
 + Level 2.0 Dodging
 + Level 2.2 Stealth
 + Level 0.1 Unarmed Combat
 + Level 2.5 Spellcasting
 + Level 4.3 Summonings


You had one spell level left.
You knew the following spells:

 Your Spells              Type           Power        Failure   Level  Hunger
a - Summon Small Mammal   Summ           ###.         3%          1    #......
b - Call Imp              Summ           ###.....     6%          2    ##.....
c - Call Canine Familiar  Summ           ###.....     12%         3    ###....


Dungeon Overview and Level Annotations

Branches:
Dungeon (3/15)

Altars:
Dithmenos
Vehumet

Annotations:
D:3 tinkerttoy's ghost, weakling DsSu


Innate Abilities, Weirdness & Mutations

You have sharp fingernails.
You sometimes gain a little power by taking damage.


Message History

Tinkerttoy's ghost barely misses your crimson imp.
The rat bites your crimson imp.
The bat closely misses your crimson imp.
The bat misses your crimson imp. The rat misses your crimson imp.
Your crimson imp hits the rat.
The rat bites your crimson imp.
Your crimson imp hits the rat.
The rat dies!
The rat's corpse disappears in a puff of smoke!
You barely miss tinkerttoy's ghost.
Tinkerttoy's ghost is severely damaged.
Tinkerttoy's ghost casts a spell.
Your crimson imp misses the bat.
You completely miss tinkerttoy's ghost.
Tinkerttoy's ghost is severely damaged.
Tinkerttoy's ghost hits you.
* * * LOW HITPOINT WARNING * * *
The rat misses you.
Your crimson imp closely misses the bat.
You hit the rat but do no damage. Tinkerttoy's ghost hits you.
You die...

..###.#.#.#.....).....
..'....).........#####.#
..#####.#..............#
#.....####)#.####..
#.....# #<...#
#######.....# #.#..#
#...........# #.#..#
#...........# #r#5.#
............# #@#..#
..#####.....# #W#..##
..# ##.#######b#...# ..#
#.###...5r#r#...... ..#
#.#.......#W#.###.# ..#
#.#.#.....#.#.#
..######.#.#.......#%#
..#................#
..#........#######.#


You could see tinkerttoy's ghost, a quokka, a bat, a rat and a friendly crimson
imp.

Vanquished Creatures
  A goblin (D:3)
  A hobgoblin (D:1)
  4 bats
  A giant newt (D:2)
  A jackal (D:1)
  A rat (D:2)
9 creatures vanquished.

Vanquished Creatures (collateral kills)
  2 adders (D:2)
  A worm (D:2)
  A giant gecko (D:3)
  4 bats
  4 giant cockroaches
  3 hobgoblins
  A jackal (D:1)
  A giant newt (D:1)
  4 goblins
  5 kobolds
  2 rats (D:1)
28 creatures vanquished.

Grand Total: 37 creatures vanquished

Notes
Turn   | Place    | Note
--------------------------------------------------------------
     0 | D:1      | tinkerttoy the Demonspawn Summoner began the quest for the Orb.
     0 | D:1      | Reached XP level 1. HP: 13/13 MP: 3/3
   570 | D:1      | Gained mutation: You have sharp fingernails. [demonic ancestry]
   570 | D:1      | Reached XP level 2. HP: 17/19 MP: 3/5
   583 | D:1      | Learned a level 2 spell: Call Imp
   969 | D:2      | Found a shadowy altar of Dithmenos.
  1177 | D:2      | Gained mutation: You sometimes gain a little power by taking damage. [demonic ancestry]
  1177 | D:2      | Reached XP level 3. HP: 23/25 MP: 2/6
  1214 | D:2      | Learned a level 3 spell: Call Canine Familiar
  1353 | D:2      | Found a radiant altar of Vehumet.
  1542 | D:3      | Found a faded altar to an unknown god.
  1687 | D:3      | Noticed tinkerttoy's ghost (weakling DsSu)
  1821 | D:3      | Slain by tinkerttoy's ghost

Vault maps used:
D:1:      minmay_arrival_widening_spiral_wide
D:2:      nicolae_dithmenos_through_a_glass_darkly, fiery_altar_vehumet
D:3:      old_standard_altar, ecumenical_altar_2, minivault_4

Action                   || total
-------------------------++-------
Melee: Unarmed           ||    16
       Dagger            ||    30
 Cast: Summon Small Mamm ||    18
       Call Imp          ||    24
  Use: Scroll            ||     4
       Potion            ||     3
 Stab: Sleeping          ||     1
  Eat: Chunk             ||     3
